 Dungeon Crawl Stone Soup version 0.31-a0-232-gb1c03b2570 (webtiles) character file.

Game seed: 12250908766356341168

2781 Ostroprsk the Cleaver (level 10, -9/81 HPs)
             Began as a Meteoran Fighter on July 7, 2023.
             Was a Follower of Makhleb.
             Killed by divine providence
             ... invoked by an orc priest
              (13 damage)
             ... on level 7 of the Dungeon.
             The game lasted 00:24:39 (2906 turns).

Ostroprsk the Cleaver (Meteoran Fighter)            Turns: 2906, Time: 00:24:39

Health: -9/81      AC: 14    Str: 19 (21) XL:     10   Next: 21%
Magic:  13/13      EV:  5    Int:  8 (9)  God:    Makhleb [*.....]
Gold:   183        SH:  5    Dex: 15 (16) Spells: 9/9 levels left

rFire   . . .        a - +0 war axe (protect)
rCold   . . .        c - +0 buckler
rNeg    . . .        o - +0 plate armour
rPois   .            y - +0 helmet
rElec   .            (no cloak)
rCorr   .            (no gloves)
SInv    +            (no boots)
Will    ++...        (no amulet) Stlth
                     D - ring of see invisible
HPRegen 0.33/turn    (no ring)
MPRegen 0.13/turn

%: no passive effects
@: mighty, enlightened, flying, glowing
A: sense surroundings 2, otherworldly, glowing, explore regen
a: Renounce Religion


You were on level 7 of the Dungeon.
You worshipped Makhleb.
Makhleb was aware of your devotion.
You visited 2 branches of the dungeon, and saw 10 of its levels.
You also visited: Sewer and Ossuary.

You collected 404 gold pieces.
You spent 221 gold pieces at shops.

Inventory:

Hand Weapons
 a - a +0 war axe of protection (weapon)
 F - a +0 mace of holy wrath
Missiles
 f - 4 datura-tipped darts
 i - 2 silver javelins
 p - a throwing net
 I - 5 poisoned darts
Armour
 b - a +0 scale mail
 c - a +0 buckler (worn)
 o - a +0 plate armour (worn)
 y - a +0 helmet (worn)
Magical Staves
 g - a staff of poison
 J - a staff of air
Jewellery
 j - a ring of fire
 D - a ring of see invisible (left hand)
Wands
 s - a wand of paralysis (18)
 E - a wand of roots (9)
Scrolls
 e - 6 scrolls of teleportation
 k - 2 scrolls of poison
 l - a scroll of noise
 m - a scroll of silence
 r - a scroll of summoning
 t - a scroll of amnesia
 v - a scroll of torment
 x - a scroll of fog
 H - a scroll of identify
 M - a scroll of fear
Potions
 h - a potion of attraction {unknown}
 n - 3 potions of enlightenment
 q - 2 potions of degeneration
 u - a potion of mutation
 w - a potion of haste
 z - 2 potions of brilliance {unknown}
 A - 2 potions of magic
 B - a potion of lignification {unknown}
 C - 2 potions of curing {unknown}
 G - 2 potions of ambrosia {unknown}
 K - a potion of cancellation
 L - a potion of resistance {unknown}


   Skills:
 + Level 5.0 Fighting
 * Level 13.3 Axes
 + Level 6.1 Armour
 + Level 4.6 Shields
 * Level 3.6 Invocations


You had 9 spell levels left.
You didn't know any spells.
Your spell library contained the following spells:

 Spells                   Type           Power      Damage    Failure   Level
 Sting                    Tmut/Pois      0%         1d3       100%        1
 Poisonous Vapours        Pois/Air       0%         N/A       100%        2
 Sublimation of Blood     Necr           0%         N/A       100%        2
 Dazzling Flash           Conj/Hex       0%         N/A       100%        3
 Olgreb's Toxic Radiance  Pois           0%         N/A       100%        4
 Petrify                  Tmut/Erth      0%         N/A       100%        4
 Agony                    Necr           0%         N/A       100%        5
 Irradiate                Conj/Tmut      0%         3d11      100%        5
 Silence                  Hex/Air        0%         N/A       100%        5
 Simulacrum               Ice/Necr       0%         N/A       100%        6
 Ozocubu's Refrigeration  Ice            0%         4d7       100%        7
 Polar Vortex             Ice            0%         N/A       100%        9


Dungeon Overview and Level Annotations

Branches:
Dungeon (9/15) Zot: 2916   Temple (1/1) D:4 Zot: 538   Sewer (visited)
Ossuary (visited)
   Lair: D:8-11         Orc: D:9-12

Altars:
Ashenzari
Cheibriados
Dithmenos
Elyvilon
Fedhas
Gozag
Hepliaklqana
Kikubaaqudgha
Makhleb
Nemelex Xobeh
Okawaru
Qazlal
Ru
Sif Muna
Trog
Uskayaw
Vehumet
Wu Jian
Xom
Yredelemnul
Zin
The Shining One

Shops:
D:4 ?(=   D:6 ?


Innate Abilities, Weirdness & Mutations

You passively map the area around you.
You are easily found by Zot.
You glow in the dark.
You regain HP and MP as you explore.


Message History

A wight comes into view. It is wielding a +0 long sword.
You slash the orc warrior!
The orc warrior is almost dead.
The orc warrior barely misses you.
You hit the orc warrior but do no damage.
The orc warrior is almost dead.
The orc warrior hits you with a +0 glaive!
* * * LOW HITPOINT WARNING * * *
You slash the orc warrior!
You kill the orc warrior!
Makhleb accepts your kill.
You slash the orc!
You kill the orc!
Makhleb accepts your kill.
You hit the orc priest.
The orc priest is lightly wounded.
The orc priest barely misses you.
An orc priest comes into view. It is wielding a +0 dagger.
You slash the orc priest!
The orc priest is almost dead.
The orc priest invokes the aid of Beogh against you.
Beogh smites you!
* * * LOW HITPOINT WARNING * * *
The orc priest mumbles some strange prayers to Beogh against you.
Beogh smites you!
* * * LOW HITPOINT WARNING * * *
As you read the scroll of fog, it dissolves into smoke.
The orc priest hits you but does no damage.
It was a potion of magic.
Magic courses through your body. You block the orc priest's attack.
It was a potion of enlightenment.
You feel very buoyant.
You fly up into the air.
The orc priest hits you but does no damage.
It was a potion of degeneration.
There was something very wrong with that liquid.
You feel weakened.
You feel dopey.
You feel clumsy.
The orc priest invokes the aid of Beogh against you.
Beogh smites you!
You die... #.####..# * , ,, ,* #......<# ### , , #######..# #.. , , *##* #####* ##.# #.# , .. ..... , , ,.. ,..o , , #. #### * #.###§# , *#. <# .. oz#

,* *.####. #
.###############o#
*, ......###
...........# #@###
* #.*##...
...........# #§§§#
, ..#.##..##
.[.........# ##§§#
#.#.##.###
...........# #..#
#.#.##.# #
...........# #..#
#.#.##.# #
...........#
##.#####.#.#..# #
..[........#
#....##.#.#.## #
############
#.##.##[#...# # #
#.##......### #


You could see a wight and 2 orc priests.

Vanquished Creatures
  A wyvern (D:7)
  A steam dragon (D:6)
  A water moccasin (D:7)
  Duvessa (D:6)
  4 orc warriors
  A sky beast (D:7)
  2 ice beasts
  An ogre (D:6)
  A centaur (D:5)
  A kobold brigand (D:6)
  4 elf zombies (Ossuary)
  2 scorpions
  Dowan (D:6)
  2 howler monkeys
  3 human zombies (Ossuary)
  5 centaur zombies (Ossuary)
  An orc priest (D:6)
  3 hounds
  2 jellies (D:4)
  A sleepcap (D:6)
  2 iguanas
  3 orc wizards
  A hell rat (Sewer)
  3 mummies (Ossuary)
  6 adders
  6 gnolls
  A river rat (Sewer)
  2 shadow imps
  A dart slug (D:5)
  18 orcs
  13 ball pythons
  3 bats
  5 endoplasms
  4 giant cockroaches
  7 goblins
  4 hobgoblins
  4 jackals
  18 kobolds
  2 quokkas
  4 frilled lizards
  A quokka zombie (D:4)
  8 rats
  A rat zombie (D:4)
155 creatures vanquished.

Notes
Turn   | Place    | Note
-------+----------+-------------------------------------------
     0 | D:1      | Ostroprsk the Meteoran Fighter began the quest for the Orb.
     0 | D:1      | Reached XP level 1. HP: 19/19 MP: 2/2
    38 | D:2      | Reached XP level 2. HP: 21/26 MP: 3/3
    61 | D:2      | Reached skill level 3 in Axes
    61 | D:2      | Reached XP level 3. HP: 27/31 MP: 4/4
   223 | D:1      | Reached skill level 4 in Axes
   224 | D:1      | Reached XP level 4. HP: 37/38 MP: 5/5
   267 | D:1      | Found a faded altar of an unknown god.
   379 | D:2      | Reached skill level 5 in Axes
   379 | D:2      | Reached XP level 5. HP: 13/45 MP: 6/6
   493 | D:2      | Found a sparkling altar of Nemelex Xobeh.
   660 | D:4      | Found a glowing drain.
   668 | D:4      | Reached skill level 6 in Axes
   679 | Sewer    | Entered a sewer
   700 | Sewer    | Reached XP level 6. HP: 40/51 MP: 7/7
   785 | D:4      | Found a staircase to the Ecumenical Temple.
   798 | Temple   | Entered the Ecumenical Temple
   865 | D:4      | Found a broken altar of Ashenzari.
   896 | D:4      | Reached skill level 7 in Axes
   911 | D:4      | Found a sand-covered staircase.
   918 | Ossuary  | Entered an ossuary
   932 | Ossuary  | Reached XP level 7. HP: 45/57 MP: 8/8
   946 | Ossuary  | Reached skill level 8 in Axes
  1083 | Ossuary  | Reached skill level 9 in Axes
  1098 | Ossuary  | Reached XP level 8. HP: 63/63 MP: 9/9
  1168 | Ossuary  | Reached skill level 10 in Axes
  1328 | D:5      | Entered Level 5 of the Dungeon
  1503 | D:4      | Found Talomy's Jewellery Shop.
  1505 | D:4      | Found Teirul's Weapon Shop.
  1505 | D:4      | Found Qeomouwk's Assorted Antiques.
  1510 | D:4      | Found Guotwuof's Magic Scroll Shop.
  1520 | D:4      | Bought a scroll of brand weapon for 104 gold pieces
  1594 | D:5      | Reached skill level 11 in Axes
  1594 | D:5      | Gained mutation: You passively map the area around you.
                  | [Meteoran growth]
  1594 | D:5      | Reached XP level 9. HP: 71/71 MP: 10/10
  1684 | D:5      | Found an ornate altar of the Wu Jian Council.
  1914 | D:6      | Reached skill level 5 in Armour
  1988 | D:6      | Found a burning altar of Makhleb.
  1992 | D:6      | Became a worshipper of Makhleb the Destroyer
  2016 | D:6      | Noticed Dowan
  2016 | D:6      | Noticed Duvessa
  2017 | D:6      | Found a basalt altar of Yredelemnul.
  2031 | D:6      | Killed Dowan
  2032 | D:6      | Killed Duvessa
  2033 | D:6      | Reached skill level 1 in Invocations
  2113 | D:6      | Reached skill level 12 in Axes
  2193 | D:6      | Found the +5 robe of Misfortune {Harm *Corrode *Slow EV+5}
  2417 | D:6      | Found Tuotyef's Magic Scroll Shoppe.
  2426 | D:6      | Bought a scroll of identify for 26 gold pieces
  2426 | D:6      | Bought a scroll of teleportation for 39 gold pieces
  2426 | D:6      | Bought a scroll of identify for 26 gold pieces
  2426 | D:6      | Bought a scroll of identify for 26 gold pieces
  2484 | D:6      | Reached XP level 10. HP: 75/80 MP: 13/13
  2680 | D:7      | Reached * piety under Makhleb
  2681 | D:7      | Reached skill level 13 in Axes
  2681 | D:7      | Found a glowing silver altar of Zin.
  2681 | D:7      | Found a faded altar of an unknown god.
  2690 | D:7      | Found a sacrificial altar of Ru.
  2692 | D:7      | Found a sparkling altar of Nemelex Xobeh.
  2693 | D:7      | Found a hide-covered altar of Uskayaw.
  2728 | D:7      | Found a bloodstained altar of Trog.
  2838 | D:7      | Reached skill level 5 in Fighting
  2902 | D:7      | HP: 3/81 [orc priest/divine providence (9)]
  2906 | D:7      | Killed from afar by an orc priest

Illustrated notes

Levels and vault maps discovered:
D:1:      dpeg_arrival_shelter, layout_rooms,
          shapermc_ecumenical_altar_flowoftime
D:2:      layout_loops_ring, basic_altar
D:3:      layout_rooms
D:4:      layout_rooms, cheibrodos_ashenzari_chains, minmay_temple_entry_arrows,
          enter_ossuary_4, portal_sewer_entry_b, minmay_shop_grid_forest,
          kennysheep_small_square
D:5:      layout_loops_ring, mainiacjoe_overflow_chevrons
D:6:      layout_gridville, mainiacjoe_overflow_two_lobes,
          serial_co_window_serial, co_window_paths_a, co_window_paths_a,
          co_window_cross_1, co_window_paths_b, co_window_of_opportunity_a,
          co_window_paths_c, co_window_paths_c, co_window_corner_cb,
          co_window_paths_d, co_window_4corner_b, glass_columns_a,
          glass_columns_b, glass_columns_a, glass_columns_a, glass_columns_b,
          serial_shops, nicolae_shop_competitors_out_of_business, uniq_duvessa
D:7:      layout_basic, amcnicky_altar_gilded,
          chequers_temple_overflow_minitemple
D:8:      minmay_weird_star, layout_basic, uniq_erica
D:9:      minmay_sliced_demisemicircle, layout_basic, serial_shops, shop,
          minmay_hollow_rounded_squares
Temple:   nicolae_temple_god_jail

Skill      XL: |  1  2  3  4  5  6  7  8  9 10 |
---------------+-------------------------------+-----
Axes           | 3 4 5 6 7 9 11 12 13 | 13.3
Armour         | 4 5 6 |  6.1
Shields        | 4 |  4.6
Fighting       | 4 5 |  5.0
Invocations    | 3 |  3.6

Action                     |  1- 3 |  4- 6 |  7- 9 | 10-12 || total
---------------------------+-------+-------+-------+-------++-------
  Melee: War axe           |    59 |   117 |   317 |    37 ||   530
    Use: Scroll            |       |       |     8 |     5 ||    13
         Potion            |       |       |       |     4 ||     4
 Armour: Scale mail        |    42 |    67 |    11 |       ||   120
         Plate armour      |       |       |   185 |    12 ||   197
  Dodge: Dodged            |    18 |    43 |    58 |     7 ||   126
  Block: Buckler           |    15 |    25 |    62 |     6 ||   108

Table legend: (Time is in decaauts)
 A = Elapsed time spent in this place.
 B = Non-inter-level travel time spent in this place.
 C = Inter-level travel time spent in this place.
 D = Time resting spent in this place.
 E = Time spent auto-exploring this place.
 F = Levels seen in this place.
 G = Mean time per level.
                   A        B        C        D        E       F      G
               +--------+--------+--------+--------+--------+-----+--------+
         Total |   2960 |   2926 |     34 |    142 |      0 |  12 |  246.7 |
       Dungeon |   2482 |   2448 |     34 |      0 |      0 |   9 |  275.8 |
        Temple |     62 |     62 |      0 |      0 |      0 |   1 |   62.0 |
         Sewer |     67 |     67 |      0 |      0 |      0 |   1 |   67.0 |
       Ossuary |    347 |    347 |      0 |    142 |      0 |   1 |  347.0 |
               +--------+--------+--------+--------+--------+-----+--------+

Top non-repeatable levels by time:
     D:6: 588 daAuts
     D:5: 444 daAuts
     D:4: 412 daAuts
     D:7: 412 daAuts
 Ossuary: 347 daAuts
     D:2: 340 daAuts
     D:1: 194 daAuts
     D:3: 71 daAuts
   Sewer: 67 daAuts
  Temple: 62 daAuts
     D:8: 17 daAuts
     D:9: 1 daAuts
